AoeStats
← Vortex

MegaRandom

509422037Analyzed
4v4 RM · 6d ago on Sep 26, 2026· 36m 54s· 8 players
Game mode
Random Map
Map size
Large (8 player)
Population
200
Speed
Normal
Resources
Standard
Victory
Conquest
Starting age
Dark Age
Ending age
Imperial Age
RankedLock teamsTeams togetherTeam positionsShared explorationLock speedFull tech treeHidden civsTurbo modeCheats
Victory
Defeat
🇹🇷 Berbers · Türkiye
1760
+10
🇨🇿 Wei · Czechia
1754
+11
🇬🇧 Bohemians · United Kingdom
1746
+11
🇨🇿 Spanish · Czechia
1732
+11
🇨🇴 Jurchens · Colombia
1699
-13
🇧🇩 Teutons · Bangladesh
1677
-13
🇩🇪 Vikings · Germany
1621
-10
🇺🇸 Sicilians · United States
1525
-7
Jugband
8:14 Loom
11:58 Feudal Age
15:45 Castle Age
14:47 Double-Bit Axe
19:42 Fletching
20:04 Gold Mining
21:23 Wheelbarrow
21:58 Padded Archer Armor
21:56 Bodkin Arrow
22:02 Padded Archer Armor
23:57 Ballistics
26:23 Bow Saw
29:13 Horse Collar
30:27 Leather Archer Armor
30:14 Husbandry
32:01 Bloodlines
33:58 Hand Cart
38:10 Imperial Age
35:52 Stone Mining
Dvnielsiii
7:02 Loom
9:11 Feudal Age
9:51 Double-Bit Axe
9:47 Horse Collar
14:02 Forging
15:05 Scale Barding Armor
16:03 Bloodlines
18:32 Wheelbarrow
22:05 Castle Age
23:13 Chain Barding Armor
23:28 Iron Casting
23:18 Bow Saw
23:08 Heavy Plow
23:08 Gold Mining
23:28 Husbandry
28:10 Gold Shaft Mining
28:33 Hand Cart
30:21 Stone Mining
35:11 Imperial Age
35:12 Heavy Hei Guang Cavalry
36:53 Blast Furnace
36:21 Ming Guang Armor
36:17 Conscription
36:51 Fletching
36:45 Treadmill Crane
alesh
6:02 Loom
8:53 Feudal Age
9:24 Man-at-Arms
21:09 Castle Age
20:00 Double-Bit Axe
20:12 Horse Collar
22:57 Bow Saw
24:35 Padded Archer Armor
25:45 Husbandry
27:56 Leather Archer Armor
27:57 Bloodlines
36:56 Imperial Age
35:55 Heavy Plow
36:44 Gold Mining
Torpedo
8:03 Loom
10:04 Feudal Age
10:55 Double-Bit Axe
14:18 Forging
14:33 Scale Barding Armor
15:06 Horse Collar
19:30 Wheelbarrow
21:43 Town Watch
21:44 Fishing Lines
23:10 Scale Mail Armor
25:31 Castle Age
26:18 Husbandry
26:55 Chain Barding Armor
26:07 Pikeman
26:47 Squires
28:04 Atonement
28:15 Fervor
28:28 Sanctity
28:14 Heavy Plow
28:26 Gillnets
30:36 Fletching
31:46 Iron Casting
33:43 Chain Mail Armor
33:47 Hand Cart
Ansi
6:50 Loom
10:00 Feudal Age
18:27 Fletching
23:53 Castle Age
23:23 Gold Mining
24:01 Crossbowman
24:37 Bodkin Arrow
34:57 Ballistics
JayZaddy
5:16 Loom
11:17 Feudal Age
16:07 Castle Age
14:28 Double-Bit Axe
15:28 Scale Barding Armor
15:38 Horse Collar
17:46 Bow Saw
18:48 Bloodlines
20:23 Husbandry
22:29 Forging
23:33 Wheelbarrow
23:03 Heavy Plow
27:34 Chain Barding Armor
27:22 Gold Mining
28:49 Fletching
29:34 Iron Casting
30:01 Bodkin Arrow
32:39 Gold Shaft Mining
31:55 Stone Mining
35:05 Imperial Age
32:51 Hand Cart
35:06 Cavalier
36:58 Conscription
37:20 Plate Barding Armor
37:45 Blast Furnace
Carboncito
6:10 Loom
9:07 Feudal Age
15:17 Scale Barding Armor
22:09 Castle Age
19:57 Double-Bit Axe
20:36 Horse Collar
25:46 Husbandry
28:48 Bow Saw
29:47 Chain Barding Armor
30:36 Bloodlines
31:50 Forging
Vortex
8:03 Loom
10:06 Feudal Age
10:55 Double-Bit Axe
10:51 Horse Collar
17:32 Wheelbarrow
20:49 Castle Age
19:45 Scale Barding Armor
19:51 Forging
21:45 Bow Saw
23:27 Bloodlines
28:14 Chain Barding Armor
30:54 Iron Casting
31:56 Town Watch
32:59 Gold Mining
33:00 Stone Mining
Connection lost

Rejoining the realm…

Still unreachable

The connection could not be restored.

Session expired

The server has moved on; the page needs a fresh start.